 Dungeon Crawl Stone Soup version 0.22.1-1-ga44c0e5 (webtiles) character file.

67 Lavandula the Chopper (level 3, 0/31 HPs)
             Began as a Centaur Berserker on Oct 25, 2018.
             Was a Believer of Trog.
             Slain by a hound (3 damage)
             ... on level 4 of the Dungeon.
             The game lasted 00:02:00 (409 turns).

Lavandula the Chopper (Centaur Berserker)            Turns: 409, Time: 00:02:01

Health: 0/31       AC:  5    Str: 20    XL:     3   Next: 98%
Magic:  3/3        EV:  9    Int:  6    God:    Trog [**....]
Gold:   54         SH:  0    Dex:  8    Spells: 2/2 levels left

rFire    . . .     SeeInvis .   a - +0 hand axe
rCold    . . .     Gourm    .   (no shield)
rNeg     . . .     Faith    .   b - +0 animal skin
rPois    .         Spirit   .   (no helmet)
rElec    .         Reflect  .   (no cloak)
rCorr    .         Harm     .   f - +0 pair of gloves
MR       ++...                  (no barding)
Stlth    +.........             (no amulet)
HPRegen  1.10/turn              (no ring)
MPRegen  0.08/turn              (no ring)

@: berserk cooldown, regenerating, hasted and slowed, very quick
A: large, hooves 3, deformed body, speed 2, tough skin 3
a: Berserk, Trog's Hand, Renounce Religion


You were on level 4 of the Dungeon.
You worshipped Trog.
Trog was pleased with you.
You were very hungry.

You visited 1 branch of the dungeon, and saw 4 of its levels.

You collected 54 gold pieces.

Inventory:

Hand Weapons
 a - a +0 hand axe (weapon)
 i - a +0 spear
Missiles
 e - 3 tomahawks (quivered)
Armour
 b - a +0 animal skin (worn)
 f - a +0 pair of gloves (worn)
 l - a +0 ring mail
Wands
 m - a wand of paralysis (7)
Scrolls
 d - a scroll of fog {unknown}
 g - 2 scrolls of teleportation {unknown}
 k - 2 scrolls of fear {unknown}
Potions
 h - a potion of degeneration {unknown}
 j - 2 potions of curing {unknown}
 n - 2 potions of haste
Comestibles
 c - 2 rations


   Skills:
 - Level 3.0 Fighting
 + Level 4.4 Axes
 - Level 1.3 Armour
 - Level 1.3 Dodging


You had 2 spell levels left.
You didn't know any spells.
Your spell library contained the following spells:

 Spells                   Type           Power        Failure   Level  Hunger
 Animate Skeleton         Necr           N/A          45%         1    ##.....
 Apportation              Tloc           #.....       45%         1    ##.....
 Confusing Touch          Hex            #.....       45%         1    ##.....
 Summon Small Mammal      Summ           #...         45%         1    ##.....


Dungeon Overview and Level Annotations

Branches:
Dungeon (4/15)
 Temple: D:4-7

Altars:


Innate Abilities, Weirdness & Mutations

You have hooves in place of feet.
Armour fits poorly on your strangely shaped body.
You cover ground very quickly.
You have extremely tough skin. (AC +3)


Message History

* * * LOW HITPOINT WARNING * * *
The hound bites you.
* * * LOW HITPOINT WARNING * * *
Okay, then.
Okay, then.
Your skin crawls.
You feel resistant to hostile enchantments.
You feel somewhat more hungry.
You are feeling very hungry.
The hound bites you.
* * * LOW HITPOINT WARNING * * *
Something hits you.
* * * LOW HITPOINT WARNING * * *
The hound bites you but does no damage.
You hear some strange, mumbled words.
A puff of flame appears from out of thin air!
The puff of flame hits you!
* * * LOW HITPOINT WARNING * * *
It was a potion of haste.
You feel yourself speed up. The hound bites you.
You die...

.## #..###.
#######.......
##.....#.%.....
##..............
#.......<......>
#.....[.........
#.....)h...%....
#.....@.........
#..........##...
##........## ..
#.........# .
#.........#
#......$!.#
#..$......#
#.........#


You could see a hound.

Vanquished Creatures
  Ijyb (D:3)
  2 oozes
  2 dart slugs (D:1)
  4 orcs (D:4)
  3 giant cockroaches
  3 hobgoblins
  A ball python (D:3)
  5 frilled lizards
  5 kobolds
  2 rats
28 creatures vanquished.

Notes
Turn   | Place    | Note
-------+----------+-------------------------------------------
     0 | D:1      | Lavandula the Centaur Berserker began the quest for the
                  | Orb.
     0 | D:1      | Reached XP level 1. HP: 19/19 MP: 1/1
    42 | D:1      | Reached skill level 3 in Axes
    80 | D:1      | Reached XP level 2. HP: 26/26 MP: 2/2
   237 | D:3      | Noticed Ijyb
   242 | D:3      | Paralysed by Ijyb for 2 turns
   248 | D:3      | Killed Ijyb
   248 | D:3      | Reached skill level 4 in Axes
   248 | D:3      | Reached XP level 3. HP: 31/31 MP: 3/3
   396 | D:4      | Reached ** piety under Trog
   408 | D:4      | HP: 1/31 [something/puff of flame (2)]
   409 | D:4      | Slain by a hound

Skill      XL: |  1  2 |
---------------+-------+-----
Axes           | 3 4 |  4.4
Fighting       | |  3.0
Armour         | |  1.3
Dodging        | |  1.3

Action                   || total
-------------------------++-------
Melee: Hand axe          ||    43
       Kick              ||     9
Invok: Berserk           ||     3
       Trog's Hand       ||     1
  Use: Potion            ||     1
Armor: Animal skin       ||    10
Dodge: Dodged            ||    19
